 Dungeon Crawl Stone Soup version 0.30.0-30-g96aa6591b8 (webtiles) character file.

Game seed: 7695011790276213042

8350 cdecastro the Frost Mage (level 11, -6/79 HPs)
             Began as a Merfolk Ice Elementalist on June 27, 2023.
             Was a Priest of Makhleb.
             Mangled by a death yak (21 damage)
             ... on level 9 of the Dungeon.
             The game lasted 00:37:25 (11203 turns).

cdecastro the Frost Mage (MfIE)                    Turns: 11203, Time: 00:37:26

Health: -6/79      AC: 18    Str: 15    XL:     11   Next: 29%
Magic:  2/24       EV: 16    Int: 18    God:    Makhleb [***...]
Gold:   354        SH:  0    Dex: 15    Spells: 3/14 levels left

rFire   . . .        c - +2 trident "Ririd" {flame, rN+ MP+9 Stlth+}
rCold   . . .        (no shield)
rNeg    + . .        F - +2 ring mail {rPois}
rPois   +            f - +0 helmet
rElec   .            (no cloak)
rCorr   .            U - +1 pair of gloves
SInv    .            k - +2 pair of boots
Will    .....        (no amulet)
Stlth   +++          g - +6 ring of strength
HPRegen 0.33/turn    o - +5 ring of evasion
MPRegen 0.19/turn

%: no passive effects
@: ice-armoured
A: (nimble swimmer 2), mertail
a: Renounce Religion, Minor Destruction, Lesser Servant of Makhleb


You were on level 9 of the Dungeon.
You worshipped Makhleb.
Makhleb was most pleased with you.
You visited 2 branches of the dungeon, and saw 11 of its levels.

You collected 372 gold pieces.
You spent 18 gold pieces at shops.

Inventory:

Hand Weapons
 a - the +5 dagger "Wejo" {flame, rC+ Will- Dex+5}
   (You found it on level 3 of the Dungeon)

   Dex:       It affects your dexterity (+5).
   rC:        It protects you from cold.
   Will:      It decreases your willpower.
 b - a +1 trident of venom
 c - the +2 trident "Ririd" (weapon) {flame, rN+ MP+9 Stlth+}
   (You found it on level 9 of the Dungeon)

   rN:        It protects you from negative energy.
   MP:        It affects your magic capacity (+9).
   Stlth:     It makes you more stealthy.
 R - the +6 shillelagh "Devastator" {shatter}
   (You found it on level 4 of the Dungeon)
Missiles
 h - 5 curare-tipped darts
 A - 2 throwing nets
 T - 13 poisoned darts
Armour
 f - a +0 helmet (worn)
 k - a +2 pair of boots (worn)
 F - a +2 ring mail of poison resistance (worn)
 U - a +1 pair of gloves (worn)
 V - a +0 troll leather armour
Magical Staves
 K - a staff of air
 O - a staff of fire
Jewellery
 g - a +6 ring of strength (left hand)
 o - a +5 ring of evasion (right hand)
 p - a ring of ice
Wands
 D - a wand of flame (42)
 L - a wand of light (11)
 Q - a wand of iceblast (9)
Scrolls
 d - a scroll of noise {unknown}
 i - 2 scrolls of fear {unknown}
 n - 7 scrolls of magic mapping
 q - a scroll of butterflies {unknown}
 r - 2 scrolls of vulnerability
 t - 5 scrolls of silence
 u - 2 scrolls of poison {unknown}
 v - a scroll of fog {unknown}
 w - 3 scrolls of teleportation
 x - 2 scrolls of blinking {unknown}
 y - a scroll of amnesia {unknown}
 J - a scroll of acquirement {unknown}
 M - a scroll of enchant armour {unknown}
 N - 2 scrolls of immolation {unknown}
 S - a scroll of enchant weapon {unknown}
Potions
 l - a potion of might
 s - 4 potions of lignification
 z - 2 potions of attraction
 B - 2 potions of mutation
 C - 2 potions of flight
 G - 2 potions of magic
 I - a potion of curing
 P - a potion of ambrosia
Miscellaneous
 E - a condenser vane


   Skills:
 - Level 5.1 Fighting
 - Level 9.1 Polearms
 - Level 2.6 Dodging
 - Level 5.4 Stealth
 - Level 2.0 Spellcasting
 + Level 12.7 Ice Magic
 * Level 5.6 Invocations
 - Level 7.5 Evocations


You had 3 spell levels left.
You knew the following spells:

 Your Spells              Type           Power      Damage    Failure   Level
a - Freeze                Ice            100%       1d10      1%          1
b - Frozen Ramparts       Ice            94%        1d15      1%          3
c - Ozocubu's Armour      Ice            47%        N/A       1%          3
d - Summon Ice Beast      Ice/Summ       24%        N/A       26%         4

Your spell library contained the following spells:

 Spells                   Type           Power      Damage    Failure   Level
 Magic Dart               Conj           4%         1d3       34%         1
 Call Imp                 Summ           2%         N/A       47%         2
 Mephitic Cloud           Conj/Pois/Air  1%         N/A       71%         3


Dungeon Overview and Level Annotations

Branches:
Dungeon (10/15)            Temple (1/1) D:7            Lair (0/5) D:9
    Orc: D:9-12

Altars:
Ashenzari
Cheibriados
Dithmenos
Elyvilon
Fedhas
Gozag
Hepliaklqana
Kikubaaqudgha
Makhleb
Nemelex Xobeh
Okawaru
Qazlal
Ru
Sif Muna
Trog
Uskayaw
Vehumet
Wu Jian
Xom
Yredelemnul
Zin

Shops:
D:1 *?

Annotations:
D:8 3 runed translucent doors, AgateBread's ghost, novice MfFi; Voxie's ghost, novice GrFi


Innate Abilities, Weirdness & Mutations

((You are very nimble when in or above water. (Stealth+, EV+, Speed+++)))
Your lower body shifts to a powerful aquatic tail in water.


Message History

The death yak is heavily wounded.
The death yak gores you!
Unknown command.
You hit the death yak but do no damage.
The death yak is heavily wounded.
The death yak gores you but does no damage.
Unknown command.
You hit the death yak but do no damage.
The death yak is heavily wounded.
The death yak gores you!
* * * LOW HITPOINT WARNING * * *
Unknown command.
You barely miss the death yak.
The death yak is heavily wounded.
The death yak gores you but does no damage.
Unknown command.
You hit the death yak. You burn the death yak.
The death yak is heavily wounded.
Unknown command.
You hit the death yak but do no damage.
The death yak is severely wounded.
The death yak closely misses you.
Unknown command.
You hit the death yak. You burn the death yak.
The death yak is severely wounded.
The death yak gores you but does no damage.
Unknown command.
You hit the death yak. You burn the death yak.
The death yak is almost dead.
The death yak gores you but does no damage.
Unknown command.
You completely miss the death yak.
The death yak is almost dead.
The death yak gores you!!
* * * LOW HITPOINT WARNING * * *
Unknown command.
You barely miss the death yak.
The death yak is almost dead.
The death yak gores you!!
You die...

#.....# #######.....####
+.....'.....'...
#######.....#### #.....#
######### #.....# ........#
#.....#
........##############.....####
............(Y@................
.......>.###########...........
.........## #...........
########..# #...........
###.##########...........
#...Y........#...........
#............#.........))
#............#..........)
#............#..........)


You could see a death yak (very poisoned).

Vanquished Creatures
  2 two-headed ogres
  4 death yaks
  A deep elf pyromancer (D:7)
  A troll (D:10)
  3 wyverns
  3 yaks (D:8)
  Menkaure (D:6)
  2 water moccasins
  2 ice beasts
  An orc warrior (D:8)
  A black bear (D:4)
  4 centaurs
  4 ogres (D:4)
  2 phantoms
  3 bullfrogs
  3 kobold brigands
  A gnoll sergeant (D:6)
  4 scorpions
  An electric eel (D:8)
  A howler monkey (D:7)
  6 orc priests
  5 hounds
  A sleepcap (D:6)
  3 jellies
  2 gnoll boudas
  3 iron imps (D:3)
  Natasha (thrice) (D:4)
  An iguana (D:5)
  2 orc wizards
  10 adders
  15 gnolls
  2 shadow imps (D:3)
  2 white imps
  3 worms (D:3)
  A dart slug (D:5)
  37 orcs
  7 ball pythons
  7 bats
  2 endoplasms (D:1)
  3 giant cockroaches
  4 goblins
  8 hobgoblins
  3 jackals (D:2)
  5 quokkas
  A frilled lizard (D:3)
  18 kobolds
  11 rats
209 creatures vanquished.

Notes
Turn   | Place    | Note
-------+----------+-------------------------------------------
     0 | D:1      | cdecastro the Merfolk Ice Elementalist began the quest for
                  | the Orb.
     0 | D:1      | Reached XP level 1. HP: 13/13 MP: 3/3
   230 | D:1      | Found Verimm's Magic Scroll Boutique.
   233 | D:1      | Reached XP level 2. HP: 18/19 MP: 3/5
   254 | D:1      | Found Jukk's Assorted Antiques.
   422 | D:1      | Reached skill level 5 in Ice Magic
  1263 | D:1      | Bought a white potion for 18 gold pieces
  1314 | D:2      | Reached XP level 3. HP: 24/24 MP: 6/6
  1582 | D:2      | Learned a level 3 spell: Frozen Ramparts
  1916 | D:3      | Reached skill level 6 in Ice Magic
  1916 | D:3      | Reached XP level 4. HP: 30/30 MP: 0/7
  1983 | D:2      | Learned a level 3 spell: Ozocubu's Armour
  2157 | D:3      | Found a faded altar of an unknown god.
  2198 | D:3      | Found a transporter.
  2217 | D:3      | Found a transporter.
  2503 | D:3      | Found an opulent altar of Gozag.
  2996 | D:3      | Found a burning altar of Makhleb.
  3048 | D:3      | Reached XP level 5. HP: 15/35 MP: 2/8
  3052 | D:3      | Reached skill level 7 in Ice Magic
  3341 | D:3      | Identified the +5 dagger "Wejo" {flame, rC+ Will- Dex+5}
  3532 | D:4      | Found a shadowy altar of Dithmenos.
  3532 | D:4      | Found a shimmering altar of Xom.
  3538 | D:4      | Noticed Natasha
  3747 | D:3      | Became a worshipper of Makhleb the Destroyer
  3864 | D:4      | Found an ancient bone altar of Kikubaaqudgha.
  3964 | D:4      | Killed Natasha
  3965 | D:4      | Reached XP level 6. HP: 41/41 MP: 2/9
  4120 | D:4      | Noticed Natasha
  4146 | D:4      | Reached skill level 8 in Ice Magic
  4249 | D:4      | Reached XP level 7. HP: 46/46 MP: 10/10
  4257 | D:4      | Found the +6 shillelagh "Devastator" {shatter}
  4331 | D:4      | Reached skill level 5 in Stealth
  4499 | D:4      | Reached * piety under Makhleb
  4502 | D:4      | Killed Natasha
  4567 | D:4      | Noticed Natasha
  4588 | D:4      | Killed Natasha
  4589 | D:4      | Reached skill level 1 in Fighting
  4953 | D:4      | Reached XP level 8. HP: 60/60 MP: 4/11
  5304 | D:5      | Entered Level 5 of the Dungeon
  5522 | D:5      | Found a basalt altar of Yredelemnul.
  5523 | D:5      | Noticed a wyvern
  5757 | D:5      | Reached skill level 9 in Ice Magic
  5886 | D:5      | Reached skill level 5 in Fighting
  6205 | D:5      | Reached ** piety under Makhleb
  6772 | D:6      | Reached skill level 5 in Polearms
  6817 | D:6      | Noticed Menkaure
  6850 | D:6      | Killed Menkaure
  6851 | D:6      | Reached XP level 9. HP: 21/68 MP: 12/12
  7087 | D:6      | Found a glowing silver altar of Zin.
  7112 | D:6      | Reached skill level 10 in Ice Magic
  7318 | D:6      | Found an iron altar of Okawaru.
  7552 | D:7      | Found a staircase to the Ecumenical Temple.
  7575 | Temple   | Entered the Ecumenical Temple
  7709 | D:7      | Noticed a deep elf pyromancer
  8344 | D:8      | Found a white marble altar of Elyvilon.
  8649 | D:8      | Found a stormy altar of Qazlal.
  8679 | D:8      | Found a runed translucent gate.
  8680 | D:8      | Found a runed translucent gate.
  8681 | D:8      | Found a runed translucent gate.
  8682 | D:8      | Noticed AgateBread's ghost (novice MfFi)
  8683 | D:8      | Noticed Voxie's ghost (novice GrFi)
  8772 | D:8      | Reached skill level 1 in Evocations
  9019 | D:9      | Reached *** piety under Makhleb
  9052 | D:9      | Noticed a death yak
  9052 | D:9      | Noticed a death yak
  9068 | D:9      | Killed a death yak
  9069 | D:9      | Reached skill level 11 in Ice Magic
  9069 | D:9      | Reached XP level 10. HP: 45/74 MP: 7/13
  9196 | D:9      | Noticed a death yak
  9196 | D:9      | Noticed a death yak
  9199 | D:9      | Noticed a death yak
  9211 | D:8      | Killed a death yak
  9212 | D:8      | Reached skill level 5 in Evocations
  9954 | D:5      | Learned a level 4 spell: Summon Ice Beast
 10030 | D:7      | Killed a deep elf pyromancer
 10131 | D:9      | Identified the +2 trident "Ririd" {flame, rN+ MP+9 Stlth+}
 10278 | D:9      | Found a staircase to the Lair.
 10285 | D:9      | Noticed a two-headed ogre
 10341 | D:9      | Killed a two-headed ogre
 10342 | D:9      | Reached skill level 12 in Ice Magic
 10477 | D:9      | Killed a death yak
 10478 | D:9      | Reached XP level 11. HP: 60/79 MP: 14/14
 10789 | D:9      | You fall into a shaft and drop 1 floor!
 10789 | D:10     | Entered Level 10 of the Dungeon
 10822 | D:10     | Noticed a two-headed ogre
 10843 | D:10     | Killed a two-headed ogre
 10847 | D:10     | Reached skill level 5 in Invocations
 11185 | D:9      | Killed a death yak
 11203 | D:9      | Mangled by a death yak

Illustrated notes

Levels and vault maps discovered:
D:1:      dpeg_arrival_signposts, layout_basic, serial_shops,
          nicolae_shop_hallway_stairs, shop, hex_tiny
D:2:      layout_rooms
D:3:      gammafunk_wand_slinger, layout_basic, demons_altar, marbit_many_paths,
          nicolae_ecumenical_lake_church, amcnicky_mini_rare_corridor_liquid
D:4:      minmay_clustersquares, layout_basic, kiku_gazebo_pond_becter,
          gammafunk_temple_overflow_wave, dilly_guarded_unrand_devastator,
          uniq_natasha
D:5:      layout_loops_corners, overflow_temple_1_default, serial_glass,
          glass_columns_a, glass_columns_a
D:6:      layout_cave_pools, mainiacjoe_overflow_brackets, lemuel_crystal_altar,
          uniq_menkaure
D:7:      layout_rooms, temple_fountains
D:8:      layout_loops_ring, grunt_qazlal_sundering,
          nicolae_elyvilon_temple_path, gammafunk_ghost_cemetery
D:9:      layout_basic, dpeg_lair_monsters
D:10:     minmay_slanted_spiral_squares, layout_layer_cave, tso_oasis_becter
Temple:   nicolae_temple_ecumenical_triangle

Skill      XL: |  1  2  3  4  5  6  7  8  9 10 11 |
---------------+----------------------------------+-----
Ice Magic      | 5 6 7 8 9 11 12 | 12.7
Stealth        | 4 5 |  5.4
Fighting       | 3 5 |  5.1
Polearms       | 5 9 |  9.1
Evocations     | 4 7 |  7.5
Invocations    | 3 5 |  5.6
Dodging        | |  2.6
Spellcasting   | |  2.0

Action                     |  1- 3 |  4- 6 |  7- 9 | 10-12 || total
---------------------------+-------+-------+-------+-------++-------
  Melee: Unarmed           |    12 |       |       |       ||    12
         Club              |    10 |       |       |       ||    10
         Spear             |    37 |    57 |       |       ||    94
         Short sword       |       |    37 |       |       ||    37
         Dagger            |       |    27 |   129 |     1 ||   157
         Punch             |       |     2 |     3 |     2 ||     7
         Trident           |       |       |   162 |   128 ||   290
         Shillelagh        |       |       |     3 |       ||     3
         Tailslap          |       |       |       |     1 ||     1
  Throw: Dart              |       |     3 |     1 |     6 ||    10
   Cast: Freeze            |    38 |       |       |       ||    38
         Frozen Ramparts   |       |    14 |    24 |    10 ||    48
         Ozocubu's Armour  |       |     2 |    12 |    10 ||    24
  Evoke: Wand              |       |       |     2 |       ||     2
    Use: Scroll            |       |     5 |     4 |     2 ||    11
         Potion            |       |     1 |       |     2 ||     3
   Stab: Sleeping          |     7 |     5 |    13 |     1 ||    26
         Distracted        |       |     1 |     3 |       ||     4
 Armour: Robe              |    13 |    25 |    25 |       ||    63
         Ring mail         |       |       |    56 |    33 ||    89
  Dodge: Dodged            |    77 |    69 |   205 |    62 ||   413
